[Event "Titled Tuesday Blitz July 11 Late 2023"]
[White "WindWhistler11"]
[Black "Cluke86"]
[WhiteElo "2474"]
[BlackElo "2353"]
[Result "1-0"]
[Round "7"]
[TimeControl "180+2"]
[Date "2023.07.11"]
[WhiteClock "0:00:09"]
[BlackClock "0:00:00"]
[Board "116"]

1. Nf3 Nf6 2. c4 d6 3. g3 e5 4. Bg2 Be7 5. O-O O-O 6. Nc3 c6 7. d4 Qc7 8. b3 Nbd7 9. e3 Re8 10. Bb2 Nf8 11. Qc2 Ng6 12. Rad1 e4 13. Nxe4 Nxe4 14. Qxe4 a5 15. h4 f5 16. Qc2 a4 17. b4 Bf6 18. a3 Be6 19. Rfe1 h6 20. Bh3 Qd7 21. d5 cxd5 22. cxd5 Qc8 23. Qb1 Bxb2 24. dxe6 Bf6 25. Bxf5 Ne7 26. Rc1 Qd8 27. Bh3 Rc8 28. Rcd1 Rc3 29. Nd4 Rxa3 30. Nb5 Rb3 31. Qa2 Qb6 32. Qxa4 Rb2 33. Rxd6 Ra2 34. Qxa2 Qxb5 35. Qd2 Nc6 36. Rb1 Ne5 37. Bg2 Nc4 38. Qd5 Nxd6 39. Qxd6 Qf5 40. Rd1 Re7 41. Bd5 Kh7 42. b5 Qe5 43. Qb4 1-0


[Site "https://www.chess.com"]

[Event "Titled Tuesday Blitz July 11 Late 2023"]
[White "Miguelitro69"]
[Black "Reprintsev, Alexander"]
[BlackFideId "14100541"]
[WhiteElo "2343"]
[BlackElo "2468"]
[Result "0-1"]
[Round "7"]
[TimeControl "180+2"]
[Date "2023.07.11"]
[WhiteClock "0:01:16"]
[BlackClock "0:01:34"]
[Board "117"]

1. e4 d5 2. exd5 Qxd5 3. Nc3 Qa5 4. d4 Nf6 5. Bc4 Bg4 6. Ne2 Nc6 7. Bb5 O-O-O 8. Bxc6 bxc6 9. Be3 e5 10. f3 Be6 11. Qc1 exd4 12. Bxd4 Bc5 13. Bxc5 Qxc5 14. Qf4 Bc4 15. Ng3 Rhe8+ 16. Nce2 Bxe2 17. Nxe2 Qxc2 18. O-O Rxe2 19. Qg3 Rdd2 0-1


[Site "https://www.chess.com"]

[Event "Titled Tuesday Blitz July 11 Late 2023"]
[White "Garmendiarov"]
[Black "Luong Phuong Hanh"]
[BlackFideId "12401013"]
[WhiteElo "2342"]
[BlackElo "2457"]
[Result "1-0"]
[Round "7"]
[TimeControl "180+2"]
[Date "2023.07.11"]
[WhiteClock "0:00:13"]
[BlackClock "0:00:24"]
[Board "118"]

1. e4 c5 2. Nf3 e6 3. d4 cxd4 4. Nxd4 a6 5. c4 Nf6 6. Nc3 Qc7 7. a3 b6 8. Be2 Bb7 9. f3 d6 10. O-O Nbd7 11. Be3 Be7 12. Rc1 O-O 13. b4 Rac8 14. Qd2 Rfe8 15. Rfd1 Ne5 16. Na4 Nfd7 17. f4 Nc6 18. Bf3 Bf6 19. Nxc6 Bxc6 20. Nc3 Bb7 21. Qxd6 Qxd6 22. Rxd6 Nf8 23. e5 Bxf3 24. gxf3 Be7 25. Ne4 b5 26. c5 Ra8 27. Rb6 Bd8 28. Rb7 Ng6 29. c6 Bh4 30. Nd6 Rf8 31. c7 Ne7 32. Ba7 g5 33. Bb8 Nc8 34. Nxc8 Rxc8 35. Ba7 Kg7 36. Rb8 Raxb8 37. Bxb8 gxf4 38. Rd1 Kf8 39. Rd6 Ke8 40. Rxa6 Be7 41. Rb6 f6 42. Rxe6 Kd7 43. Rb6 fxe5 44. Rxb5 Bd6 45. Rd5 Kc6 46. Rd1 Be7 47. Rc1+ Kb7 48. a4 Bxb4 49. Rb1 Kc6 50. Rxb4 h5 51. Rb5 e4 52. fxe4 h4 53. Rd5 h3 54. Rd8 Kb7 55. Rxc8 Kxc8 56. Kf2 Kb7 57. Kf3 Ka8 58. Kxf4 Kb7 59. Kg3 Ka8 60. Kxh3 Kb7 61. e5 Ka8 62. e6 Kb7 63. e7 Ka6 64. e8=Q Ka5 65. Qb5# 1-0


[Site "https://www.chess.com"]

[Event "Titled Tuesday Blitz July 11 Late 2023"]
[White "Estrada Nieto, Julian"]
[Black "The_Straightforward_Rook"]
[WhiteFideId "5101018"]
[WhiteElo "2454"]
[BlackElo "2320"]
[Result "1-0"]
[Round "7"]
[TimeControl "180+2"]
[Date "2023.07.11"]
[WhiteClock "0:00:29"]
[BlackClock "0:00:48"]
[Board "119"]

1. e4 e5 2. Nf3 Nc6 3. Bb5 Nf6 4. O-O Nxe4 5. d4 Nd6 6. Bxc6 dxc6 7. dxe5 Nf5 8. Qxd8+ Kxd8 9. Nc3 Ke8 10. Rd1 Be7 11. h3 h5 12. Bg5 Be6 13. Bxe7 Kxe7 14. Ne2 c5 15. Nf4 Rad8 16. b3 Nd4 17. Nxd4 Rxd4 18. Rxd4 cxd4 19. Rd1 c5 20. h4 Rd8 21. f3 g6 22. Kf2 Bf5 23. Rd2 b5 24. Ke1 a5 25. Kd1 a4 26. Kc1 a3 27. c3 dxc3 28. Nd5+ Kf8 29. Nxc3 Rxd2 30. Kxd2 b4 31. Na4 c4 32. Nc5 c3+ 33. Kc1 Be6 34. Na6 Bxb3 35. Nxb4 Ba4 36. Nd5 c2 37. Ne3 Ke7 38. Nxc2 Bxc2 39. Kxc2 Ke6 40. Kb3 Kxe5 41. Kxa3 Kf4 42. Kb4 Kg3 43. a4 Kxg2 44. a5 g5 45. hxg5 h4 46. a6 h3 47. a7 h2 48. a8=Q Kg3 49. f4 Kxf4 50. Qg2 1-0


[Site "https://www.chess.com"]

[Event "Titled Tuesday Blitz July 11 Late 2023"]
[White "Tsyhanchuk, Stanislav"]
[Black "Rios Escobar, Adan"]
[WhiteFideId "13505130"]
[BlackFideId "3403645"]
[WhiteElo "2314"]
[BlackElo "2427"]
[Result "0-1"]
[Round "7"]
[TimeControl "180+2"]
[Date "2023.07.11"]
[WhiteClock "0:00:03"]
[BlackClock "0:00:13"]
[Board "120"]

1. e4 d5 2. exd5 Nf6 3. c4 e6 4. dxe6 Bxe6 5. Nf3 c5 6. Be2 Nc6 7. O-O Qc7 8. Nc3 Rd8 9. h3 a6 10. a3 Bd6 11. Qc2 O-O 12. d3 Bf5 13. Bg5 Be7 14. Rfe1 h6 15. Bxf6 Bxf6 16. Nd5 Qd6 17. Bf1 Bd4 18. Qd2 Rfe8 19. Nxd4 Nxd4 20. Rxe8+ Rxe8 21. Re1 Re6 22. Rxe6 Qxe6 23. Qe3 Qd6 24. b4 Be6 25. bxc5 Qxc5 26. Nf4 Qd6 27. Nxe6 Nxe6 28. Be2 Qxa3 29. d4 Qa1+ 30. Kh2 Qxd4 31. Qb3 Qxf2 32. Bf3 b6 33. Qa4 Qc5 34. Qxa6 Ng5 35. Qa8+ Kh7 36. Bd5 Qd6+ 37. Kg1 Qg3 38. Be4+ Nxe4 39. Qxe4+ Qg6 40. Qd5 Qe6 41. Qd3+ f5 42. Kh2 Qe5+ 43. Kg1 Qe4 44. Qb3 Qd4+ 45. Kh2 h5 46. Qf3 g6 47. Qb7+ Kh6 48. Qc8 Qe5+ 49. Kg1 Qf6 50. Qc7 h4 51. Kh2 Kg5 52. g3 Qb2+ 53. Kg1 Qc1+ 54. Kf2 Qd2+ 55. Kf1 Qd3+ 56. Ke1 Qxg3+ 57. Kf1 0-1


[Site "https://www.chess.com"]

[Event "Titled Tuesday Blitz July 11 Late 2023"]
[White "Antonio, Jorge Carlos"]
[Black "Srdanovic, Jovana"]
[WhiteFideId "113190"]
[BlackFideId "954810"]
[WhiteElo "2295"]
[BlackElo "2418"]
[Result "1-0"]
[Round "7"]
[TimeControl "180+2"]
[Date "2023.07.11"]
[WhiteClock "0:02:29"]
[BlackClock "0:01:51"]
[Board "121"]

1. d4 Nf6 2. Nf3 e6 3. c4 Bb4+ 4. Bd2 a5 5. a3 Be7 6. Nc3 O-O 7. e4 d6 8. Bd3 c5 9. d5 Re8 10. O-O Bf8 11. Qc2 h6 12. Rae1 Na6 13. e5 dxe5 14. Nxe5 exd5 15. Nxd5 Nxd5 16. Bh7+ 1-0


[Site "https://www.chess.com"]

[Event "Titled Tuesday Blitz July 11 Late 2023"]
[White "Ncatt"]
[Black "Ardila, Oscar Humberto"]
[BlackFideId "4404742"]
[WhiteElo "2406"]
[BlackElo "2280"]
[Result "1-0"]
[Round "7"]
[TimeControl "180+2"]
[Date "2023.07.11"]
[WhiteClock "0:00:31"]
[BlackClock "0:00:03"]
[Board "122"]

1. e4 e5 2. Nf3 Nf6 3. Nxe5 d6 4. Nf3 Nxe4 5. Nc3 Nxc3 6. dxc3 Be7 7. Bd3 O-O 8. Be3 Nd7 9. Qd2 Nf6 10. O-O-O c5 11. Rhe1 b5 12. Bxb5 Rb8 13. Bc4 Qb6 14. b3 Qa5 15. Kb2 Ne4 16. Qd3 Bf6 17. Qxe4 Bxc3+ 18. Kb1 Bxe1 19. Rxe1 Bb7 20. Qh4 Bxf3 21. Rc1 d5 22. Bd3 Be4 23. Bxe4 dxe4 24. Qxe4 Rfc8 25. c4 Re8 26. Qd5 Rec8 27. g4 Qa3 28. Rc3 Qb4 29. Kb2 a5 30. Bf4 Ra8 31. Be5 Qb6 32. Rf3 Qg6 33. h4 Rd8 34. Qb7 Rd2+ 35. Ka3 Re8 36. h5 Qe6 37. Bc3 Rd7 38. Qb5 a4 39. Re3 axb3 40. Rxe6 Ra8+ 41. Kxb3 Rdd8 42. Rb6 h6 43. a4 Kh7 44. a5 Rd1 45. Kc2 Rf1 46. Qxc5 Re8 47. Qf5+ Kg8 48. Rb7 Re2+ 49. Kb3 Rfxf2 50. Qc8+ Kh7 51. Qf8 Rf1 52. Qxg7# 1-0


[Site "https://www.chess.com"]

[Event "Titled Tuesday Blitz July 11 Late 2023"]
[White "Haitin, Ilja"]
[Black "Chemin, Justo Reinaldo"]
[WhiteFideId "4501764"]
[BlackFideId "2101580"]
[WhiteElo "2404"]
[BlackElo "2250"]
[Result "0-1"]
[Round "7"]
[TimeControl "180+2"]
[Date "2023.07.11"]
[WhiteClock "0:00:04"]
[BlackClock "0:00:09"]
[Board "123"]

1. Nf3 d5 2. e3 c6 3. b3 Nf6 4. Bb2 g6 5. Bxf6 exf6 6. d4 Bg7 7. Bd3 O-O 8. O-O Re8 9. c4 f5 10. cxd5 Qxd5 11. Nc3 Qd6 12. Rc1 Nd7 13. Qc2 Nb6 14. Rfd1 Bd7 15. Ne2 Nd5 16. Qb2 h6 17. Qd2 g5 18. Bb1 g4 19. Nh4 Qf6 20. g3 Qg5 21. Nf4 Nxf4 22. exf4 Qh5 23. d5 Bf6 24. Ng2 Qg6 25. Ne3 h5 26. dxc6 Bxc6 27. Bxf5 Qg7 28. b4 Bf3 29. Re1 h4 30. Rc7 hxg3 31. fxg3 Rad8 32. Qc2 Rxe3 33. Rxe3 Bd4 34. Re7 Bb6 35. Kf2 Qh6 36. h4 Qd6 37. Ke1 Bxe3 38. Rxe3 Qxb4+ 39. Qc3 Qxc3+ 40. Rxc3 Rd1+ 41. Kf2 Rd2+ 42. Ke3 Rxa2 43. Rc8+ Kg7 44. Rc7 Ra3+ 45. Kd4 Kf6 46. Rxb7 Bxb7 47. Bd7 Rxg3 48. h5 Rh3 49. Bxg4 Rh4 50. Bd1 Rxf4+ 51. Kc5 Rh4 52. Kd6 Kg5 53. Kc7 Be4 54. Kb8 Rxh5 55. Kxa7 Rh6 56. Kb8 f5 57. Kc7 f4 58. Kd7 f3 59. Ke7 f2 60. Be2 Kf4 61. Bb5 Bg2 62. Kf7 f1=Q 63. Bxf1 Bxf1 64. Kg7 Rb6 65. Kf7 Ke5 66. Ke8 Rd6 67. Ke7 Bc4 68. Ke8 Kf6 69. Kf8 Rd8# 0-1


[Site "https://www.chess.com"]

[Event "Titled Tuesday Blitz July 11 Late 2023"]
[White "Lopez Gracia, Fernando"]
[Black "rikchessmx"]
[WhiteFideId "2207184"]
[WhiteElo "2401"]
[BlackElo "2248"]
[Result "0-1"]
[Round "7"]
[TimeControl "180+2"]
[Date "2023.07.11"]
[WhiteClock "0:00:45"]
[BlackClock "0:01:23"]
[Board "124"]

1. e4 e5 2. Nf3 Nc6 3. d4 exd4 4. Nxd4 Nf6 5. Nc3 Bb4 6. Nxc6 bxc6 7. Bd3 d5 8. exd5 cxd5 9. O-O O-O 10. Bg5 c6 11. Na4 Be7 12. c3 Be6 13. Re1 h6 14. Bh4 Qa5 15. Bc2 Rfe8 16. Qd3 Ne4 17. Bxe7 Rxe7 18. Rxe4 dxe4 19. Qxe4 g6 20. Re1 Rae8 21. Qd4 Bxa2 22. Rxe7 Rxe7 23. h3 Re1+ 24. Kh2 Qc7+ 25. g3 Bd5 26. f3 Re2+ 27. Kh1 Qxg3 0-1


[Site "https://www.chess.com"]

[Event "Titled Tuesday Blitz July 11 Late 2023"]
[White "Broca Jimenez, Fernando"]
[Black "Mikhalsky, Vladimir"]
[WhiteFideId "5104742"]
[BlackFideId "14144352"]
[WhiteElo "2232"]
[BlackElo "2399"]
[Result "0-1"]
[Round "7"]
[TimeControl "180+2"]
[Date "2023.07.11"]
[WhiteClock "0:00:03"]
[BlackClock "0:00:27"]
[Board "125"]

1. e4 g6 2. g3 Bg7 3. Bg2 c5 4. Nc3 Nc6 5. b3 d6 6. Bb2 e5 7. Nf3 Nge7 8. h4 h6 9. Ne2 f5 10. d3 Nd4 11. c3 Nxf3+ 12. Bxf3 f4 13. g4 d5 14. Rg1 O-O 15. Qd2 Be6 16. d4 cxd4 17. cxd4 dxe4 18. Bxe4 Bd5 19. Bxd5+ Nxd5 20. dxe5 f3 21. Nd4 Nf4 22. O-O-O Bxe5 23. Nxf3 Bxb2+ 24. Qxb2 Nd3+ 25. Rxd3 Qxd3 26. Ne5 Rac8+ 27. Nc4 Rxc4+ 28. bxc4 Rc8 29. Qb3 Rxc4+ 30. Kb2 Qd2+ 31. Ka3 b5 32. Rd1 Qxf2 33. Rd8+ Kg7 34. Rd7+ Kf8 35. Qxb5 Rc3+ 36. Ka4 Qxa2+ 37. Kb4 Rb3+ 38. Kc5 Rxb5+ 39. Kxb5 0-1


[Site "https://www.chess.com"]

[Event "Titled Tuesday Blitz July 11 Late 2023"]
[White "Buchenau, Frank"]
[Black "Cardenas Carbajal, Nilson"]
[WhiteFideId "4604350"]
[BlackFideId "8401128"]
[WhiteElo "2389"]
[BlackElo "2174"]
[Result "1-0"]
[Round "7"]
[TimeControl "180+2"]
[Date "2023.07.11"]
[WhiteClock "0:02:12"]
[BlackClock "0:00:00"]
[Board "126"]

1. e4 e5 2. Nf3 Nc6 3. Bb5 a6 4. Ba4 Nf6 5. d3 Bc5 6. O-O d6 7. c3 b5 8. Bc2 Bb6 9. Nbd2 O-O 10. Re1 Ne7 11. d4 Ng6 12. h3 c6 13. Nf1 Re8 14. Ng3 h6 15. a4 Be6 16. Be3 Qc7 17. Qd2 Rab8 18. Nf5 Bxf5 19. exf5 Ne7 20. Bxh6 e4 21. Qg5 Nxf5 22. Qxf5 1-0


[Site "https://www.chess.com"]

[Event "Titled Tuesday Blitz July 11 Late 2023"]
[White "Carrasco Miranda, Andres"]
[Black "Vila Dupla, Aurelio"]
[WhiteFideId "3405990"]
[BlackFideId "2203383"]
[WhiteElo "2388"]
[BlackElo "2172"]
[Result "1-0"]
[Round "7"]
[TimeControl "180+2"]
[Date "2023.07.11"]
[WhiteClock "0:00:19"]
[BlackClock "0:00:03"]
[Board "127"]

1. d4 Nf6 2. c4 g6 3. g3 c6 4. Bg2 d5 5. Qa4 Bg7 6. cxd5 Nxd5 7. Nf3 O-O 8. O-O Nb6 9. Qd1 Be6 10. Nc3 Qc8 11. Bg5 Re8 12. Rc1 Bh3 13. e4 Bxg2 14. Kxg2 h6 15. Bf4 N8d7 16. e5 Nf8 17. b3 Rd8 18. Qd2 Kh7 19. Rfd1 Nd5 20. Nxd5 Rxd5 21. Qc2 Ne6 22. Be3 Qd7 23. h4 h5 24. Qe4 Rd8 25. g4 hxg4 26. Qxg4 c5 27. h5 cxd4 28. hxg6+ fxg6 29. Rh1+ Kg8 30. Bh6 Nf8 31. Qh4 Qf5 32. Bxg7 Kxg7 33. Qxe7+ Qf7 34. Qh4 R8d7 35. Qh8# 1-0


[Site "https://www.chess.com"]

[Event "Titled Tuesday Blitz July 11 Late 2023"]
[White "Schachpanda_Youtube"]
[Black "Prieto Aranguren, Alain"]
[BlackFideId "2268906"]
[WhiteElo "2227"]
[BlackElo "2383"]
[Result "1-0"]
[Round "7"]
[TimeControl "180+2"]
[Date "2023.07.11"]
[WhiteClock "0:02:18"]
[BlackClock "0:01:40"]
[Board "128"]

1. e4 c5 2. d4 cxd4 3. c3 d5 4. exd5 Qxd5 5. cxd4 Nc6 6. Nf3 Bg4 7. Nc3 Qd7 8. d5 Ne5 9. Bb5 Nc6 10. dxc6 bxc6 11. Qxd7+ Kxd7 12. Ne5+ Kc7 13. Nxg4 cxb5 14. Nxb5+ Kb6 15. Nc3 f6 16. Be3+ Kb7 17. O-O e5 18. Rfd1 Bb4 19. Rd7+ Kc6 20. Rxg7 Bxc3 21. bxc3 Kd6 22. Rd1+ Ke6 23. Rgd7 Kf5 24. f3 h5 25. Nf2 Nh6 26. Bxh6 Rxh6 27. Ne4 Rg6 28. R1d6 h4 29. Rf7 Kf4 30. Kf2 f5 31. g3+ 1-0


[Site "https://www.chess.com"]

[Event "Titled Tuesday Blitz July 11 Late 2023"]
[White "dodoucb"]
[Black "Ricaurte Lopez, Juan Carlos"]
[BlackFideId "3600327"]
[WhiteElo "2376"]
[BlackElo "2134"]
[Result "1-0"]
[Round "7"]
[TimeControl "180+2"]
[Date "2023.07.11"]
[WhiteClock "0:00:08"]
[BlackClock "0:00:07"]
[Board "129"]

1. e4 e5 2. Nf3 d5 3. exd5 e4 4. Ne5 Qxd5 5. Nc4 Nf6 6. Nc3 Qf5 7. Ne3 Qe5 8. d4 exd3 9. Bxd3 Bd6 10. Nb5 O-O 11. Nxd6 Qxd6 12. O-O Nc6 13. Nf5 Bxf5 14. Bxf5 Nd4 15. Bd3 Rad8 16. Bg5 c5 17. Bxf6 Qxf6 18. Qh5 g6 19. Qxc5 b6 20. Qc7 Rc8 21. Qxa7 Nxc2 22. Bxc2 Rxc2 23. b3 Rxf2 24. Rxf2 Qxa1+ 25. Rf1 Qd4+ 26. Kh1 Qd3 27. Kg1 Qe3+ 28. Kh1 Qd3 29. Re1 b5 30. h3 Rc8 31. a4 Qxb3 32. Qb7 Qc3 33. Rf1 bxa4 34. Qxf7+ Kh8 35. Qe7 a3 36. Rf8+ 1-0


[Site "https://www.chess.com"]

[Event "Titled Tuesday Blitz July 11 Late 2023"]
[White "Upper, John"]
[Black "EsmeraldasAnderson03"]
[WhiteFideId "2606437"]
[WhiteElo "2007"]
[BlackElo "2374"]
[Result "0-1"]
[Round "7"]
[TimeControl "180+2"]
[Date "2023.07.11"]
[WhiteClock "0:00:00"]
[BlackClock "0:00:11"]
[Board "130"]

1. d4 d5 2. Nf3 Nf6 3. e3 c5 4. c4 dxc4 5. Bxc4 a6 6. a4 e6 7. O-O Nc6 8. Nc3 cxd4 9. exd4 Be7 10. Re1 O-O 11. Qe2 Nb4 12. b3 b6 13. Ne4 Bb7 14. Nxf6+ Bxf6 15. Bb2 Bd5 16. Rad1 Qd7 17. Ne5 Qb7 18. Ba3 Be7 19. f4 Rfd8 20. f5 exf5 21. Nxf7 Kxf7 22. Bxd5+ Nxd5 23. Qe6+ Ke8 24. Re5 Kf8 25. Rxd5 Qxd5 26. Qxe7+ Kg8 27. Re1 Qxd4+ 28. Kh1 Qf6 29. Qxf6 gxf6 30. h3 Rd7 31. Re6 Rb8 32. Bb2 b5 33. axb5 Rxb5 34. Bxf6 Rxb3 0-1


[Site "https://www.chess.com"]

[Event "Titled Tuesday Blitz July 11 Late 2023"]
[White "Slovineanu, Viacheslav"]
[Black "Burke, Paul"]
[WhiteFideId "13900510"]
[BlackFideId "2605767"]
[WhiteElo "2373"]
[BlackElo "1919"]
[Result "1-0"]
[Round "7"]
[TimeControl "180+2"]
[Date "2023.07.11"]
[WhiteClock "0:02:03"]
[BlackClock "0:01:23"]
[Board "131"]

1. d4 a6 2. c4 d6 3. e4 g6 4. Nc3 h6 5. Be3 Nd7 6. f4 Bg7 7. Nf3 e6 8. Bd3 Ne7 9. Qd2 O-O 10. h4 f5 11. h5 fxe4 12. Bxe4 d5 13. cxd5 exd5 14. Nxd5 c6 15. Nxe7+ Qxe7 16. Bxg6 Rxf4 17. O-O-O Rf8 18. Bxh6 Bxh6 19. Qxh6 Qg7 20. Qxg7+ Kxg7 21. Rde1 1-0


[Site "https://www.chess.com"]

[Event "Titled Tuesday Blitz July 11 Late 2023"]
[White "KorolDimitriy75"]
[Black "Curtis, John"]
[BlackFideId "3200256"]
[WhiteElo "2427"]
[BlackElo "2006"]
[Result "1/2-1/2"]
[Round "7"]
[TimeControl "180+2"]
[Date "2023.07.11"]
[WhiteClock "0:00:10"]
[BlackClock "0:00:54"]
[Board "132"]

1. d4 Nf6 2. c4 c5 3. d5 e5 4. Nc3 d6 5. e4 Be7 6. f4 Nfd7 7. Nf3 Bf6 8. Nb5 Qb6 9. a4 a5 10. Bd3 Na6 11. O-O Nc7 12. Qe2 Nxb5 13. axb5 exf4 14. Bxf4 Ne5 15. Nxe5 dxe5 16. Be3 O-O 17. Ra4 Be7 18. b4 Qc7 19. bxa5 Rxa5 20. Qa2 Rxa4 21. Qxa4 b6 22. Ra1 Bd6 23. Qa7 Bb7 24. Qa2 f6 25. Qc2 Ra8 26. Rxa8+ Bxa8 27. Qa2 Bb7 28. Be2 Qc8 29. Qa7 Bc7 30. h3 Qa8 31. Qxa8+ Bxa8 32. Bg4 Kf7 33. Bd7 Ke7 34. Bc6 Bxc6 35. bxc6 g6 36. g4 g5 37. Kf2 Kd8 38. Ke2 Kc8 39. Kd3 Kb8 40. Kc3 Ka7 41. Kb3 Ka6 42. Ka4 Bd6 43. Bd2 Bc7 44. Be1 Bd6 45. h4 h6 46. hxg5 hxg5 47. Bd2 Bc7 48. Bc3 Bd6 49. Bb2 Bc7 50. Ba3 Bd6 51. Bb2 Bc7 52. Bc3 Bd6 53. Be1 Bc7 54. Bf2 Bd6 55. Bg3 Bc7 56. Bf2 Bd6 57. Be3 Bc7 58. Bd2 Bd6 59. Bc3 Bc7 60. Bd2 Bd6 61. Bc3 Bc7 62. Be1 Bd6 63. Bf2 Bc7 64. Be3 Bd6 65. Bd2 Bc7 66. Bc3 1/2-1/2


[Site "https://www.chess.com"]

[Event "Titled Tuesday Blitz July 11 Late 2023"]
[White "Guzman Moneo, Alberto"]
[Black "AndresDelgado77"]
[WhiteFideId "2209616"]
[WhiteElo "2394"]
[BlackElo "2306"]
[Result "0-1"]
[Round "7"]
[TimeControl "180+2"]
[Date "2023.07.11"]
[WhiteClock "0:00:00"]
[BlackClock "0:00:07"]
[Board "133"]

1. e4 e6 2. d3 d5 3. Nd2 Nf6 4. Ngf3 Nc6 5. g3 dxe4 6. dxe4 Bc5 7. Bg2 b6 8. O-O Ba6 9. c4 Qd7 10. Qa4 Nb4 11. Qxd7+ Nxd7 12. a3 Nd3 13. b4 Be7 14. Ne1 Nxc1 15. Rxc1 O-O-O 16. f4 Bf6 17. e5 Nxe5 18. fxe5 Bg5 19. Nb3 Bxc1 20. Nxc1 Bxc4 21. Rf4 b5 22. Bf3 Rhf8 23. h4 f6 24. exf6 Rxf6 25. Rxf6 gxf6 26. Kf2 f5 27. Ke3 e5 28. Be2 Rg8 29. Kf2 Kd7 30. Ncd3 Kd6 31. Nc5 Bxe2 32. Kxe2 Rxg3 33. Ned3 e4 34. Nf4 Rxa3 35. Nb7+ Ke5 36. Nh5 f4 37. Nc5 Ra2+ 38. Kd1 Rb2 39. Nd7+ Kf5 40. Ng7+ Kg4 41. Nf6+ Kf3 42. Nf5 Rxb4 43. h5 Rb1+ 44. Kc2 Rh1 45. Nd4+ Ke3 46. Nxb5 f3 47. Nd5+ Kf2 48. Nd4 e3 49. Kd3 e2 50. Nc3 e1=Q 51. Kc4 Qd1 52. Nf5 Qe2+ 53. Nxe2 fxe2 54. Nd4 e1=Q 55. Nc2 Qc1 56. Kd3 Qxc2+ 57. Kxc2 Rh3 58. Kd2 Rxh5 59. Kc3 Rg5 0-1


[Site "https://www.chess.com"]

[Event "Titled Tuesday Blitz July 11 Late 2023"]
[White "Balla, Tamas-Kristof"]
[Black "Bazzano, Sebastian"]
[WhiteFideId "1208497"]
[BlackFideId "104566"]
[WhiteElo "2379"]
[BlackElo "2217"]
[Result "0-1"]
[Round "7"]
[TimeControl "180+2"]
[Date "2023.07.11"]
[WhiteClock "0:00:01"]
[BlackClock "0:00:41"]
[Board "134"]

1. e4 e6 2. d4 d5 3. Nd2 dxe4 4. Nxe4 Bd7 5. Nf3 Bc6 6. Bd3 Bxe4 7. Bxe4 c6 8. O-O Nf6 9. Bd3 Bd6 10. c3 Nbd7 11. Bg5 Qc7 12. Qe2 O-O 13. h3 Rfe8 14. Rfe1 Bf4 15. Rad1 Bxg5 16. Nxg5 Nf8 17. Nf3 Rad8 18. Ne5 Ng6 19. Qf3 a6 20. Qg3 Nxe5 21. Rxe5 Nd7 22. Bxh7+ Kf8 23. Rg5 Qxg3 24. Rxg3 g6 25. Rdd3 Kg7 26. Rdf3 Nf8 27. Bxg6 fxg6 28. h4 Rd5 29. Rf4 Rf5 30. Re4 Re7 31. Rge3 Ref7 32. f3 Rf4 33. Re5 Rxh4 34. a4 Rf5 35. b4 Rxe5 36. Rxe5 Rh5 37. Re4 a5 38. Kf2 axb4 39. cxb4 Rd5 40. Ke3 Kf7 41. Kd3 Nd7 42. Rh4 e5 43. Rh7+ Ke6 44. Kc3 exd4+ 45. Kc4 d3 0-1


[Site "https://www.chess.com"]

[Event "Titled Tuesday Blitz July 11 Late 2023"]
[White "Omariev, Maksim"]
[Black "Fominykh, Maria"]
[WhiteFideId "4193423"]
[BlackFideId "4142411"]
[WhiteElo "2376"]
[BlackElo "2213"]
[Result "1-0"]
[Round "7"]
[TimeControl "180+2"]
[Date "2023.07.11"]
[WhiteClock "0:00:48"]
[BlackClock "0:00:48"]
[Board "135"]

1. g4 d5 2. Bg2 c6 3. h3 e5 4. d4 Nd7 5. dxe5 Nxe5 6. Nd2 Nf6 7. Ngf3 Ng6 8. Nf1 Bd6 9. Qd3 Ne4 10. Be3 O-O 11. N1d2 f5 12. O-O-O fxg4 13. hxg4 Nxd2 14. Rxd2 Bxg4 15. Ng5 Bf5 16. Bxd5+ Rf7 17. Bxf7+ Kf8 18. Qxf5 1-0


[Site "https://www.chess.com"]

[Event "Titled Tuesday Blitz July 11 Late 2023"]
[White "UgarteCesar"]
[Black "Prydun, Andriy"]
[BlackFideId "14145898"]
[WhiteElo "2195"]
[BlackElo "2374"]
[Result "0-1"]
[Round "7"]
[TimeControl "180+2"]
[Date "2023.07.11"]
[WhiteClock "0:00:32"]
[BlackClock "0:01:57"]
[Board "136"]

1. d4 Nf6 2. Bg5 Ne4 3. Bf4 Nf6 4. Bg5 Ne4 5. Bf4 c5 6. e3 g5 7. Bxb8 Rxb8 8. Nd2 Nxd2 9. Qxd2 Bg7 10. c3 Qc7 11. Nf3 g4 12. Ng1 b5 13. f3 h5 14. Be2 b4 15. fxg4 hxg4 16. g3 bxc3 17. bxc3 cxd4 18. exd4 Bb7 19. Bf3 gxf3 20. Kf2 Bd5 21. Nxf3 Qc6 0-1


[Site "https://www.chess.com"]

[Event "Titled Tuesday Blitz July 11 Late 2023"]
[White "cycygogne"]
[Black "Weisz, Bryan"]
[BlackFideId "30934133"]
[WhiteElo "2125"]
[BlackElo "2329"]
[Result "1-0"]
[Round "7"]
[TimeControl "180+2"]
[Date "2023.07.11"]
[WhiteClock "0:00:17"]
[BlackClock "0:00:00"]
[Board "137"]

1. e4 Nh6 2. d4 Na6 3. Nc3 Nb4 4. a3 Nc6 5. f4 d6 6. Nf3 Ng4 7. h3 Nf6 8. Be3 e5 9. fxe5 dxe5 10. dxe5 Nd7 11. Bf4 Bc5 12. Qd2 O-O 13. O-O-O Qe8 14. Qd5 Bb6 15. Bc4 Nc5 16. Ng5 Be6 17. Nxe6 fxe6 18. Qd2 Rd8 19. Nd5 exd5 20. exd5 Ne4 21. Qe2 Rxf4 22. dxc6+ Kh8 23. Rxd8 Qxd8 24. Rd1 Nd6 25. exd6 cxd6 26. cxb7 Rf8 27. Qe6 Qc7 28. Bd5 Bc5 29. Re1 h6 30. Qg6 Qd8 31. g4 Qg5+ 32. Qxg5 hxg5 33. Re7 Bb6 34. c4 Rf1+ 35. Kc2 Rf2+ 36. Kb3 Rf8 37. Rd7 Bc5 38. Rc7 1-0


[Site "https://www.chess.com"]

[Event "Titled Tuesday Blitz July 11 Late 2023"]
[White "Gazola, Vanessa Ramos"]
[Black "kripri"]
[WhiteFideId "2112590"]
[WhiteElo "2080"]
[BlackElo "2327"]
[Result "0-1"]
[Round "7"]
[TimeControl "180+2"]
[Date "2023.07.11"]
[WhiteClock "0:01:08"]
[BlackClock "0:00:33"]
[Board "138"]

1. d4 Nf6 2. c4 e6 3. Nf3 Bb4+ 4. Bd2 a5 5. Nc3 O-O 6. e3 d5 7. Bd3 b6 8. cxd5 exd5 9. O-O Ba6 10. Bxa6 Nxa6 11. Nb5 c6 12. Nc3 Qe7 13. Ne5 Qb7 14. Rc1 Rac8 15. a3 Bd6 16. Ng4 Nxg4 17. Qxg4 f5 18. Qh3 Nc7 19. Ne2 Ne6 20. g3 Qe7 21. Nf4 Ng5 22. Qg2 Qe4 23. Qxe4 fxe4 24. Kg2 Nf3 25. Rfd1 Bxf4 26. gxf4 Rf6 27. b4 Rg6+ 28. Kf1 a4 29. b5 c5 30. dxc5 bxc5 31. Be1 Rd6 32. Bb4 Rb6 33. Rxc5 Rxc5 34. Bxc5 Rxb5 35. Rxd5 Rb1+ 36. Ke2 Re1# 0-1


[Site "https://www.chess.com"]

[Event "Titled Tuesday Blitz July 11 Late 2023"]
[White "Sainz Aguirre, Ignacio"]
[Black "Kirillov, Dmitry"]
[WhiteFideId "5101727"]
[BlackFideId "34180572"]
[WhiteElo "1997"]
[BlackElo "2520"]
[Result "0-1"]
[Round "7"]
[TimeControl "180+2"]
[Date "2023.07.11"]
[WhiteClock "0:00:00"]
[BlackClock "0:01:26"]
[Board "139"]

1. e4 e5 2. Nf3 f5 3. Nxe5 Nf6 4. d4 fxe4 5. Nc3 d5 6. f3 exf3 7. Nxf3 Bg4 8. Be2 Bd6 9. O-O O-O 10. h3 Bxf3 11. Bxf3 c6 12. Ne2 Nbd7 13. c3 a5 14. Bg5 a4 15. Qd2 a3 16. b3 h6 17. Bf4 Bxf4 18. Nxf4 Re8 19. Rae1 Qc7 20. c4 dxc4 21. bxc4 Rxe1 22. Rxe1 Qa5 23. Qxa5 Rxa5 24. Rb1 Ra4 25. Rxb7 Rxc4 26. Ne6 Rc2 27. Ra7 Rxa2 28. Bxc6 Ra1+ 29. Kh2 a2 30. Kg3 Rc1 31. Rxa2 Rxc6 32. d5 Nxd5 0-1


[Site "https://www.chess.com"]